[Event "Titled Tuesday Blitz January 03 Early 2023"]
[White "Maevsky, Nikolay"]
[Black "Szyszylo, Rafal"]
[WhiteFideId "4198220"]
[BlackFideId "1109626"]
[WhiteElo "2277"]
[BlackElo "2091"]
[Result "1-0"]
[Round "11"]
[TimeControl "180+2"]
[Date "2023.01.03"]
[WhiteClock "0:00:48"]
[BlackClock "0:00:01"]

1. Nf3 g6 2. d4 Nf6 3. c4 Bg7 4. Nc3 O-O 5. e4 d6 6. Be2 Na6 7. Bf4 Bg4 8. Qd2 Nd7 9. h4 Bxf3 10. gxf3 e5 11. Bg5 f6 12. Be3 f5 13. Bg5 Qe8 14. d5 f4 15. h5 h6 16. Bxh6 Bxh6 17. hxg6 Qxg6 18. O-O-O Kh7 19. Rdg1 Qf6 20. Rg4 Rg8 21. Rgh4 Rg6 22. Bf1 Rag8 23. Kc2 Nf8 24. Rh5 Kg7 25. Nb5 Bg5 26. Bh3 Rh6 27. Bf5 Rgh8 28. Rxh6 Rxh6 29. Rg1 Rh2 30. Nxa7 Qh6 31. Bc8 Qh4 32. Rf1 Nc5 33. b4 Ncd7 34. Bxb7 Qh3 35. Qe2 Bh4 36. Kb3 Qg2 37. Nb5 Bxf2 38. Nxc7 Bd4 39. Qxg2+ Rxg2 40. Ne8+ Kh6 41. Nxd6 Rb2+ 42. Ka4 Rxa2+ 43. Kb5 Ng6 44. Nf5+ Kg5 45. c5 Kf6 46. Bc8 1-0


[Site "https://www.chess.com"]

[Event "Titled Tuesday Blitz January 03 Early 2023"]
[White "Sanchez, Robert"]
[Black "Fiorito, Joaquin"]
[WhiteFideId "2034360"]
[BlackFideId "180173"]
[WhiteElo "1966"]
[BlackElo "2405"]
[Result "0-1"]
[Round "11"]
[TimeControl "180+2"]
[Date "2023.01.03"]
[WhiteClock "0:00:21"]
[BlackClock "0:00:15"]

1. Nf3 d5 2. e3 Nf6 3. c4 c6 4. Nc3 e6 5. d4 Nbd7 6. Bd3 dxc4 7. Bxc4 b5 8. Bd3 b4 9. Ne2 Bb7 10. O-O c5 11. Ng3 Bd6 12. e4 cxd4 13. Nxd4 O-O 14. Nb3 a5 15. f4 a4 16. Nd2 e5 17. Nc4 Bc5+ 18. Kh1 Re8 19. f5 Nb6 20. Bg5 Nxc4 21. Bxc4 Bd4 22. Nh5 Kh8 23. Bxf6 gxf6 24. Bxf7 Rf8 25. Be6 Qe7 26. Qg4 a3 27. Rab1 axb2 28. Rf3 Bc8 29. Rg3 Bxe6 30. fxe6 Rg8 31. Qh4 Rxg3 32. hxg3 Rf8 0-1


[Site "https://www.chess.com"]

[Event "Titled Tuesday Blitz January 03 Early 2023"]
[White "Shuvalov, Evgenij"]
[Black "Jiganchine, Roman"]
[WhiteFideId "4187237"]
[BlackFideId "2603667"]
[WhiteElo "2038"]
[BlackElo "2205"]
[Result "1-0"]
[Round "11"]
[TimeControl "180+2"]
[Date "2023.01.03"]
[WhiteClock "0:00:16"]
[BlackClock "0:00:01"]

1. d4 d5 2. c4 e6 3. Nc3 Nf6 4. Nf3 c5 5. cxd5 cxd4 6. Qa4+ Bd7 7. Qxd4 exd5 8. Nxd5 Qa5+ 9. Nc3 Nc6 10. Qd1 Ne4 11. Bd2 Rd8 12. Nxe4 Qd5 13. Nc3 Qf5 14. e4 Qg6 15. Bc4 Bc5 16. O-O O-O 17. Qe2 Bh3 18. Nh4 Qf6 19. gxh3 Qxh4 20. Be3 Bd6 21. Qg4 Qf6 22. Nd5 Qxb2 23. Rab1 Qa3 24. Bh6 Be5 25. Rxb7 Kh8 26. Be3 Rd6 27. Kh1 Rg6 28. Qf5 Qa4 29. Bb5 Qc2 30. Rxf7 Rg8 31. Bxc6 Rxc6 32. Qxe5 Qc4 33. Rg1 Rg6 34. Rxg6 hxg6 35. Kg2 Qe2 36. Qg3 Qd3 37. Qh4# 1-0


[Site "https://www.chess.com"]

[Event "Titled Tuesday Blitz January 03 Early 2023"]
[White "Vasques, Antonio Pedro Freixial"]
[Black "Quinones Garcia, Santiago"]
[WhiteFideId "1908332"]
[BlackFideId "4408497"]
[WhiteElo "2214"]
[BlackElo "2248"]
[Result "1/2-1/2"]
[Round "11"]
[TimeControl "180+2"]
[Date "2023.01.03"]
[WhiteClock "0:00:39"]
[BlackClock "0:01:37"]

1. Nf3 d5 2. g3 c6 3. Bg2 Bg4 4. O-O Nd7 5. c4 Ngf6 6. d4 e6 7. Qb3 b6 8. Nc3 Bd6 9. Bg5 h6 10. Bxf6 Nxf6 11. Ne5 Bxe5 12. dxe5 Nd7 13. cxd5 cxd5 14. Nxd5 exd5 15. Bxd5 Rc8 16. Bxf7+ Ke7 17. e6 Nc5 18. Qa3 Bxe6 19. Bxe6 Kxe6 20. Rad1 Qf6 21. Qxa7 Kf5 22. Rd5+ Kg6 23. Rfd1 Rhe8 24. Rd6 Re6 25. Qxb6 Nd7 26. Rxe6 Nxb6 27. Rxf6+ gxf6 28. Rd2 Rc1+ 29. Kg2 Nc4 30. Rd4 Nxb2 31. a4 Ra1 32. e4 Rxa4 33. Rxa4 Nxa4 34. f4 Kg7 35. g4 Kf7 36. h4 Nc5 37. Kf3 Ke6 38. g5 fxg5 39. hxg5 h5 40. Kg3 Nxe4+ 41. Kh4 Kf5 42. Kxh5 Kxf4 43. g6 Nf6+ 44. Kh6 Kf5 45. g7 Ke6 46. Kg6 Ke5 47. Kf7 Kf5 48. g8=N 1/2-1/2


[Site "https://www.chess.com"]

[Event "Titled Tuesday Blitz January 03 Early 2023"]
[White "Mikhalsky, Vladimir"]
[Black "Rosenberg, Evan S"]
[WhiteFideId "14144352"]
[BlackFideId "2019299"]
[WhiteElo "2219"]
[BlackElo "1956"]
[Result "1-0"]
[Round "11"]
[TimeControl "180+2"]
[Date "2023.01.03"]
[WhiteClock "0:00:06"]
[BlackClock "0:00:03"]

1. d4 d5 2. c4 e6 3. Nf3 c5 4. cxd5 exd5 5. g3 Nf6 6. Bg2 Be7 7. O-O Nc6 8. dxc5 Bxc5 9. Qc2 Bb6 10. Nc3 Be6 11. Na4 Rc8 12. Nxb6 Qxb6 13. Qa4 O-O 14. b3 Ne4 15. Be3 Qb4 16. Qxb4 Nxb4 17. Bxa7 Ra8 18. Bb6 Nxa2 19. Nd4 Nac3 20. f3 Nf6 21. Nxe6 fxe6 22. Bc5 Rxa1 23. Rxa1 Rc8 24. b4 Nxe2+ 25. Kf2 Nc3 26. Bh3 Kf7 27. Ra7 Rc7 28. Bb6 Rd7 29. Ra8 d4 30. Ke1 d3 31. Kd2 Ncd5 32. Bc5 b6 33. Rf8+ Kg6 34. Bxe6 bxc5 35. Bxd7 Nxd7 36. Rd8 N7f6 37. bxc5 Nc7 38. Rd4 Ne6 39. c6 Nxd4 40. c7 Nxf3+ 41. Ke3 d2 42. Ke2 Ne4 43. c8=Q Nc3+ 44. Qxc3 Ng5 45. Qd3+ Kh6 46. Kxd2 g6 47. Qe3 Kh5 48. h4 Ne4+ 49. Qxe4 h6 50. Qf3# 1-0


[Site "https://www.chess.com"]

[Event "Titled Tuesday Blitz January 03 Early 2023"]
[White "Najdin, Danil"]
[Black "Lopez Del Alamo, Antonio"]
[WhiteFideId "4172426"]
[BlackFideId "2227339"]
[WhiteElo "2235"]
[BlackElo "2280"]
[Result "1-0"]
[Round "11"]
[TimeControl "180+2"]
[Date "2023.01.03"]
[WhiteClock "0:00:40"]
[BlackClock "0:00:58"]

1. e4 c5 2. Nf3 e6 3. d4 cxd4 4. Nxd4 Nf6 5. Nc3 Nc6 6. Nxc6 bxc6 7. e5 Nd5 8. Ne4 Bb7 9. c4 Nb4 10. a3 c5 11. Nd6+ Bxd6 12. exd6 Nc6 13. Be3 Qf6 14. Qd2 Nd4 15. Bxd4 cxd4 16. O-O-O e5 17. f4 O-O 18. fxe5 Qxe5 19. Qxd4 Qh5 20. Bd3 Bc6 21. h3 Rab8 22. Rhe1 a5 23. Re5 Qh6+ 24. Kb1 a4 25. c5 Rb3 26. Bc4 Rb7 27. Rf1 Qg6+ 28. Ka2 Qc2 29. Rxf7 Qb3+ 30. Bxb3 axb3+ 31. Kb1 Rxf7 32. Re8+ Rf8 33. Qc4+ Kh8 34. Rxf8# 1-0


[Site "https://www.chess.com"]

[Event "Titled Tuesday Blitz January 03 Early 2023"]
[White "De Souza, Cristiano Gomes"]
[Black "Avazkhonov, Alikhon"]
[WhiteFideId "2151758"]
[BlackFideId "14208504"]
[WhiteElo "2018"]
[BlackElo "1538"]
[Result "0-1"]
[Round "11"]
[TimeControl "180+2"]
[Date "2023.01.03"]
[WhiteClock "0:01:41"]
[BlackClock "0:00:06"]

1. d4 Nf6 2. c4 e6 3. Nf3 Bb4+ 4. Bd2 Qe7 5. Nc3 Nc6 6. g3 Bxc3 7. Bxc3 Ne4 8. Rc1 O-O 9. Bg2 d5 10. cxd5 exd5 11. O-O Nxc3 12. Rxc3 Bg4 13. a3 Bxf3 14. Bxf3 Rad8 15. e3 Rd6 16. Qc2 Qd7 17. Rc1 Rc8 18. b4 a6 19. Be2 Rh6 20. Bf1 g6 21. h4 Rh5 22. Bxa6 bxa6 23. Rxc6 Qg4 24. Rxc7 Rxc7 25. Qxc7 Kg7 26. Qc8 Qf3 27. Qd8 Rf5 28. Rf1 Qe2 29. Qb6 Qd3 30. a4 Rf3 31. b5 axb5 32. Qxb5 Qe4 33. a5 Qg4 34. Kg2 Qe4 35. Kg1 Qg4 36. Kh2 Qe4 37. Qe2 g5 38. hxg5 Qg4 39. Kg2 Rxg3+ 40. fxg3 Qxe2+ 41. Rf2 Qb5 42. Ra2 Qb3 43. Rf2 Qa4 44. Rf5 Qxa5 45. e4 Qd2+ 46. Kf3 dxe4+ 47. Kxe4 Qc2+ 48. Kf4 Qf2+ 49. Kg4 Qxd4+ 50. Rf4 Qd1+ 51. Kh3 Kg6 52. Rf6+ Kxg5 53. Rxf7 Qh1# 0-1


[Site "https://www.chess.com"]

[Event "Titled Tuesday Blitz January 03 Early 2023"]
[White "Kaplan, Avi Harrison"]
[Black "Corredor Castellanos, Camilo"]
[WhiteFideId "30934559"]
[BlackFideId "4425871"]
[WhiteElo "2146"]
[BlackElo "1957"]
[Result "1-0"]
[Round "11"]
[TimeControl "180+2"]
[Date "2023.01.03"]
[WhiteClock "0:00:09"]
[BlackClock "0:00:12"]

1. g3 e5 2. Bg2 Nf6 3. d3 d5 4. c4 h6 5. Nf3 Nc6 6. cxd5 Nxd5 7. O-O Be7 8. d4 e4 9. Ne5 f5 10. Ng6 Rg8 11. Nc3 Bf6 12. Qb3 Be6 13. Qxb7 Nxd4 14. Rd1 Nxc3 15. Re1 Ncxe2+ 16. Kh1 Kf7 17. Nf4 Nxf4 18. Bxf4 Rb8 19. Qxa7 Rxb2 20. Rac1 Nb5 21. Qb7 Na3 22. Rxc7+ Kg6 23. Qc6 Bd5 24. Qc1 Rxf2 25. h4 Rxg2 26. Kxg2 Nb5 27. Rc5 e3+ 28. Kh2 Bd4 29. Rxb5 Be4 30. Rxe3 Bxe3 31. Qxe3 Qd7 32. Rb6+ Kh7 33. Bxh6 Rc8 34. Rb2 gxh6 35. Rd2 Qe6 36. h5 Rc2 37. Rxc2 Qf7 38. Qe2 Bxc2 39. Qxc2 Kg7 40. Kg2 Qd5+ 41. Kh2 Kf6 42. Qe2 Kg5 43. Kh3 Qe4 44. Qxe4 fxe4 45. a4 e3 46. Kg2 Kxh5 47. a5 Kg4 48. a6 e2 49. Kf2 e1=Q+ 50. Kxe1 Kxg3 51. a7 h5 52. a8=Q h4 53. Qh1 h3 54. Ke2 h2 55. Ke3 Kh3 56. Kf4 1-0


[Site "https://www.chess.com"]

[Event "Titled Tuesday Blitz January 03 Early 2023"]
[White "Hernandez Bonilla, Amelia"]
[Black "Legenia, Artem"]
[WhiteFideId "3900193"]
[BlackFideId "14136945"]
[WhiteElo "1960"]
[BlackElo "2092"]
[Result "0-1"]
[Round "11"]
[TimeControl "180+2"]
[Date "2023.01.03"]
[WhiteClock "0:00:02"]
[BlackClock "0:01:33"]

1. d4 f5 2. Nf3 d6 3. e3 Nf6 4. Bd3 g6 5. O-O Bg7 6. c4 O-O 7. Nc3 Nc6 8. e4 e5 9. d5 Ne7 10. h3 h6 11. Re1 f4 12. b4 g5 13. Bb2 Ng6 14. c5 Rf7 15. Rc1 Bf8 16. cxd6 cxd6 17. Qb3 Rg7 18. Nb5 g4 19. hxg4 Bxg4 20. Nh2 Nh4 21. Bf1 Bc8 22. Qc2 Bh3 23. Kh1 Bxg2+ 24. Bxg2 Nxg2 25. Rg1 Nh4 26. Rxg7+ Bxg7 27. Qc7 Qe8 28. Rg1 Qf7 29. Qxf7+ Kxf7 30. Nxd6+ Ke7 31. Rxg7+ Kxd6 32. Rxb7 Nxe4 33. Kg1 Nd2 34. f3 Nhxf3+ 35. Nxf3 Nxf3+ 36. Kf2 Ng5 37. Rg7 Kxd5 38. Rg6 Rc8 39. Ke1 Rc2 0-1


[Site "https://www.chess.com"]

[Event "Titled Tuesday Blitz January 03 Early 2023"]
[White "Donskov, Anatoly"]
[Black "Winkels, Marcel"]
[WhiteFideId "24143413"]
[BlackFideId "1003887"]
[WhiteElo "2279"]
[BlackElo "1960"]
[Result "1-0"]
[Round "11"]
[TimeControl "180+2"]
[Date "2023.01.03"]
[WhiteClock "0:00:20"]
[BlackClock "0:00:01"]

1. e4 c5 2. Nf3 e6 3. d4 cxd4 4. Nxd4 Nc6 5. Nc3 a6 6. Be3 Bb4 7. Nxc6 bxc6 8. Qd4 Bf8 9. e5 Ne7 10. Bd3 Nd5 11. Bd2 Rb8 12. b3 Bb4 13. O-O Bxc3 14. Bxc3 Nxc3 15. Qxc3 O-O 16. Rad1 f5 17. Bc4 Qe7 18. Rd6 f4 19. Rfd1 f3 20. g3 Qg5 21. a4 Rf5 22. Re1 Qg4 23. a5 h6 24. Rd4 Qh3 25. Bf1 Qh5 26. Re3 g5 27. g4 Qf7 28. gxf5 Qxf5 29. Rxf3 Qxe5 30. Rxd7 Qxc3 31. Rd8+ Kg7 32. Rxc3 Kf7 33. Rxc6 Ke7 34. Rdxc8 Rb4 35. Rxa6 1-0


[Site "https://www.chess.com"]

[Event "Titled Tuesday Blitz January 03 Early 2023"]
[White "Fernandez Garcia, Gumersindo"]
[Black "Estrada Nieto, Julian"]
[WhiteFideId "24516740"]
[BlackFideId "5101018"]
[WhiteElo "2160"]
[BlackElo "2215"]
[Result "1-0"]
[Round "11"]
[TimeControl "180+2"]
[Date "2023.01.03"]
[WhiteClock "0:01:20"]
[BlackClock "0:00:02"]

1. e4 e5 2. Nf3 Nc6 3. d4 exd4 4. Bc4 Bc5 5. c3 Nf6 6. cxd4 Bb4+ 7. Bd2 Bxd2+ 8. Nbxd2 d5 9. Bb5 dxe4 10. Ne5 O-O 11. Nxc6 bxc6 12. Bxc6 Rb8 13. O-O Qxd4 14. Nxe4 Qxd1 15. Nxf6+ gxf6 16. Rfxd1 Rxb2 17. Bd5 Be6 18. g3 Rfb8 19. Rac1 Bxd5 20. Rxd5 Rb1 21. Rxb1 Rxb1+ 22. Kg2 Rb2 23. Ra5 Rb7 24. Kf3 Kf8 25. Kf4 Ke7 26. Kf3 c6 27. Rh5 Rb2 28. Ra5 Rb7 29. Rh5 Rb5 30. Rxh7 Ra5 31. Rh4 Ra3+ 32. Kg2 Rxa2 33. Re4+ Kd6 34. h4 f5 35. Rf4 Ke5 36. Rc4 Kd5 37. Rc1 Rb2 38. Ra1 Rb7 39. Kf3 f6 40. Kf4 Ke6 41. Re1+ Kf7 42. Kxf5 Rb5+ 43. Kg4 Rb2 44. f4 a5 45. Rc1 Rb6 46. Ra1 Ra6 47. Ra4 c5 48. h5 Ke6 49. h6 Ra8 50. Kh5 Kf5 51. g4+ Ke6 52. g5 fxg5 53. fxg5 Kf5 54. g6 Rd8 55. g7 Rd1 56. g8=Q Rh1+ 57. Rh4 Rxh4+ 58. Kxh4 1-0


[Site "https://www.chess.com"]

[Event "Titled Tuesday Blitz January 03 Early 2023"]
[White "Zherebtsova, Alexandra"]
[Black "Fabris, Alberto"]
[WhiteFideId "24129518"]
[BlackFideId "801348"]
[WhiteElo "2155"]
[BlackElo "2230"]
[Result "1-0"]
[Round "11"]
[TimeControl "180+2"]
[Date "2023.01.03"]
[WhiteClock "0:00:08"]
[BlackClock "0:00:01"]

1. d4 Nf6 2. Nf3 e6 3. c4 d5 4. e3 c6 5. Nbd2 Nbd7 6. b3 Bd6 7. Bb2 O-O 8. Bd3 Qe7 9. Ne5 Ne8 10. Qh5 f5 11. O-O Nef6 12. Qh3 Ne4 13. Rad1 Nxe5 14. dxe5 Bb4 15. Nb1 Qf7 16. f3 Nc5 17. Bc2 Nd7 18. Qg3 Ba5 19. Kh1 Bc7 20. f4 Nc5 21. Ba3 b6 22. Bxc5 bxc5 23. Nc3 Ba6 24. Bd3 Ba5 25. Na4 Qe7 26. cxd5 Bxd3 27. d6 Qb7 28. Nxc5 Qb5 29. Nxd3 Bb6 30. Rf2 a5 31. Rc2 a4 32. b4 a3 33. Qf2 Rfc8 34. Qd2 Bd8 35. Nc5 Kf7 36. d7 Rcb8 37. Qd6 Be7 38. Qxe6+ Kf8 39. Qxf5+ Kg8 40. Qe6+ Kf8 41. f5 Qxb4 42. Nd3 Qe4 43. Rcd2 Rd8 44. Nf2 Qxe3 45. Ng4 Qe4 46. f6 gxf6 47. Nxf6 Bxf6 48. Qxf6+ Kg8 49. Rd4 Qg6 50. Qxg6+ hxg6 51. Rf1 c5 52. Rd5 Ra6 53. h3 c4 54. Re1 Re6 55. Rc1 Re7 56. Rxc4 Rdxd7 57. Rxd7 Rxd7 58. Rc3 Ra7 59. Re3 Kf7 60. e6+ Ke7 61. Kh2 Ra6 62. g4 Ra4 63. Kg3 Ra5 64. Kf4 g5+ 65. Kg3 Ra4 66. h4 gxh4+ 67. Kxh4 Rb4 68. Kh5 Rb2 69. Rxa3 Rh2+ 70. Kg5 Kxe6 71. Re3+ Kf7 72. a3 Ra2 73. Kf5 Rf2+ 74. Kg5 Ra2 75. Rc3 Ra1 76. Rc7+ Ke6 77. Ra7 Ra2 78. Kg6 Rg2 79. g5 Rg1 80. Ra6+ Ke7 81. a4 Rg2 82. a5 Rg3 83. Rf6 Ra3 84. a6 Ra5 85. Kh6 1-0


[Site "https://www.chess.com"]

[Event "Titled Tuesday Blitz January 03 Early 2023"]
[White "Dwilewicz, Katarzyna"]
[Black "MIM06"]
[WhiteFideId "1148486"]
[WhiteElo "2115"]
[BlackElo "2273"]
[Result "1-0"]
[Round "11"]
[TimeControl "180+2"]
[Date "2023.01.03"]
[WhiteClock "0:00:14"]
[BlackClock "0:00:05"]

1. e4 c6 2. d4 d5 3. e5 Bf5 4. Nf3 e6 5. Be2 h6 6. O-O Ne7 7. Nbd2 Nd7 8. Nb3 Rc8 9. Bd2 a6 10. a4 c5 11. dxc5 Nc6 12. Bc3 Nxc5 13. Nbd4 Nxd4 14. Nxd4 Bg6 15. f4 Ne4 16. Be1 Bc5 17. Kh1 O-O 18. c3 Qb6 19. b4 Bxd4 20. Qxd4 Qxd4 21. cxd4 Rc7 22. g4 f6 23. f5 Bf7 24. Bd3 exf5 25. gxf5 fxe5 26. dxe5 Bh5 27. Bh4 Rcf7 28. Bxe4 dxe4 29. f6 gxf6 30. Bxf6 Bf3+ 31. Kg1 Kh7 32. Kf2 Rc8 33. Rac1 Rfc7 34. Rxc7+ Rxc7 35. Rg1 Bh5 36. Ke3 Bg6 37. h4 h5 38. Kd4 b5 39. axb5 axb5 40. e6 Rc4+ 41. Ke5 Rxb4 42. e7 e3 43. Rxg6 e2 44. Rg1 Rb3 45. Kd4 Rg3 46. Re1 Rg4+ 47. Kd5 Rg8 48. Rxe2 Re8 49. Ke6 Kg6 50. Rg2+ Kh7 51. Kf7 Ra8 52. e8=Q Rxe8 53. Kxe8 b4 54. Kf7 b3 55. Rg7+ Kh6 56. Rg6+ Kh7 57. Bg5 Kh8 58. Rh6# 1-0


[Site "https://www.chess.com"]

[Event "Titled Tuesday Blitz January 03 Early 2023"]
[White "Martin, Lewis"]
[Black "Qashashvili, Alexandre"]
[WhiteFideId "410551"]
[BlackFideId "13600842"]
[WhiteElo "2135"]
[BlackElo "2505"]
[Result "0-1"]
[Round "11"]
[TimeControl "180+2"]
[Date "2023.01.03"]
[WhiteClock "0:01:46"]
[BlackClock "0:02:28"]

1. e4 c6 2. d4 d5 3. Nc3 dxe4 4. Nxe4 Nd7 5. Nf3 Ngf6 6. Nxf6+ Nxf6 7. c3 Bf5 8. Bd3 Bxd3 9. Qxd3 e6 10. O-O h6 11. Bf4 Bd6 12. Bxd6 Qxd6 13. Rfe1 O-O 14. Rad1 Rfd8 15. Ne5 Nd7 16. Nc4 Qd5 17. b3 b5 18. Ne3 Qg5 19. Qe4 Rac8 20. f4 Qh5 21. Nf1 Nf6 22. Qc2 Qf5 23. Qxf5 exf5 24. Re7 Rd7 25. Rde1 Kf8 26. Rxd7 Nxd7 27. Kf2 Nf6 28. Re5 g6 29. h3 Ne4+ 30. Ke3 Nxc3 31. Rc5 Nxa2 0-1


[Site "https://www.chess.com"]

[Event "Titled Tuesday Blitz January 03 Early 2023"]
[White "Wilson, Elvin"]
[Black "Thiel, Thomas"]
[WhiteFideId "2014874"]
[BlackFideId "4615964"]
[WhiteElo "2183"]
[BlackElo "2234"]
[Result "0-1"]
[Round "11"]
[TimeControl "180+2"]
[Date "2023.01.03"]
[WhiteClock "0:00:07"]
[BlackClock "0:00:05"]

1. c4 Nf6 2. g3 c6 3. Bg2 d5 4. Nf3 g6 5. b3 Bg7 6. Bb2 O-O 7. O-O dxc4 8. bxc4 Be6 9. d3 Nbd7 10. Nbd2 Re8 11. a4 a5 12. Rb1 Nc5 13. Ba3 b6 14. Bxc5 bxc5 15. Rb7 Rb8 16. Qb3 Nd7 17. Rb1 Rxb7 18. Qxb7 Qc8 19. Ng5 Bc3 20. Nde4 Bb4 21. Qxc8 Rxc8 22. Nxe6 fxe6 23. Bh3 Nf8 24. Ng5 Rd8 25. Bg2 Rd6 26. Ne4 Rd8 27. Ng5 h6 28. Nf3 Kg7 29. Ne5 Nd7 30. Nxc6 Re8 31. Bf3 Kf7 32. Nxb4 cxb4 33. Bc6 Rd8 34. Bxd7 Rxd7 35. Kg2 e5 36. Kf3 Ke6 37. Ke3 Rd8 38. Kd2 Rf8 39. f3 g5 40. g4 h5 41. h3 hxg4 42. hxg4 Rh8 43. Ke3 Rh2 44. Rb2 Rh1 45. d4 exd4+ 46. Kxd4 Ra1 47. c5 Rxa4 48. Kc4 Ra3 49. Kb5 b3 50. c6 a4 51. Kb6 Ra2 52. Rb1 Rxe2 53. c7 Rc2 54. Kb7 b2 55. c8=Q+ Rxc8 56. Kxc8 a3 57. Re1+ Kd5 58. Kd7 a2 59. Kxe7 b1=Q 60. Rxb1 axb1=Q 61. Kf6 Qc1 62. Kf5 Qf4+ 63. Kg6 Qxf3 64. Kxg5 Ke4 65. Kh4 Kf4 66. Kh5 Qxg4+ 67. Kh6 Kf5 68. Kh7 Kf6 69. Kh8 Kf7 70. Kh7 Qh5# 0-1


[Site "https://www.chess.com"]

[Event "Titled Tuesday Blitz January 03 Early 2023"]
[White "Ardila, Oscar Humberto"]
[Black "Prudnykova, Olga"]
[WhiteFideId "4404742"]
[BlackFideId "14121093"]
[WhiteElo "1982"]
[BlackElo "2268"]
[Result "1/2-1/2"]
[Round "11"]
[TimeControl "180+2"]
[Date "2023.01.03"]
[WhiteClock "0:00:30"]
[BlackClock "0:00:50"]

1. d4 Nf6 2. c4 g6 3. Nc3 d5 4. Nf3 Bg7 5. e3 O-O 6. Be2 dxc4 7. Bxc4 c5 8. O-O cxd4 9. Nxd4 Qc7 10. Be2 Nc6 11. Nxc6 bxc6 12. Bf3 Rd8 13. Qa4 Nd5 14. Bd2 Be6 15. Rfd1 Nxc3 16. Bxc3 Bxc3 17. bxc3 Bd5 18. e4 Be6 19. Rd4 c5 20. Rdd1 Qe5 21. Qa5 Rd6 22. Rab1 Kg7 23. h3 Rad8 24. Rxd6 Rxd6 25. Rb7 Rb6 26. Rxb6 axb6 27. Qxb6 Qxc3 28. a4 Qe1+ 29. Kh2 Qxf2 30. a5 h5 31. a6 h4 32. Qc7 Bc8 33. a7 Bb7 34. Qxb7 Qg3+ 35. Kg1 Qe1+ 36. Kh2 Qg3+ 37. Kg1 Qe1+ 38. Kh2 Qg3+ 1/2-1/2


[Site "https://www.chess.com"]

[Event "Titled Tuesday Blitz January 03 Early 2023"]
[White "Ivanova, Karina"]
[Black "Zaichenko, Daria"]
[WhiteFideId "24139750"]
[BlackFideId "4197453"]
[WhiteElo "2085"]
[BlackElo "2104"]
[Result "1-0"]
[Round "11"]
[TimeControl "180+2"]
[Date "2023.01.03"]
[WhiteClock "0:00:04"]
[BlackClock "0:00:02"]

1. Nf3 Nf6 2. g3 d5 3. Bg2 e6 4. O-O Be7 5. d4 O-O 6. Nbd2 c5 7. c4 Nc6 8. dxc5 Bxc5 9. cxd5 Nxd5 10. Ne4 Bb6 11. b3 Bd7 12. Ba3 Ncb4 13. Nfd2 f5 14. Nd6 Nc3 15. Nxb7 Qb8 16. Bxb4 Nxd1 17. Rfxd1 a5 18. Bd6 Qa7 19. e3 Rfb8 20. Bxb8 Rxb8 21. Nd6 Bc5 22. N6c4 Bb5 23. Rac1 Bb4 24. Nf3 Rc8 25. Nd4 Bxc4 26. bxc4 Qa6 27. Bf1 Rc5 28. a4 Kf7 29. Nb5 Kf6 30. h4 Qc6 31. Rd6 Qe4 32. Bd3 Qf3 33. Nd4 Qg4 34. Nxe6 Re5 35. Nf4+ Bxd6 36. Nd5+ Kf7 37. Nf4 Rc5 38. Be2 Bxf4 39. Bxg4 Bxe3 40. fxe3 fxg4 41. Kf2 Ke6 42. Ke2 Ke5 43. Kd3 h5 44. Rb1 Rc6 45. Rb5+ Kf6 46. Rxh5 Rd6+ 47. Rd5 Rb6 48. Rxa5 Rb2 49. Ke4 Rg2 50. Ra6+ Kf7 51. Kf4 Rc2 52. Rc6 Ra2 53. Kxg4 Rxa4 54. e4 Ra3 55. Kf4 Rc3 56. g4 Rc2 57. Kg5 Re2 58. Rc7+ Ke6 59. Rxg7 Rxe4 60. Rc7 Kd6 61. Rc8 Kd7 62. Rc5 Kd6 63. Rd5+ Ke6 64. Rf5 Rxc4 65. h5 Ke7 66. Kh4 Rd4 67. Kg5 Ke6 68. h6 Rd7 69. Kg6 Rd8 70. Rf6+ Ke7 71. g5 Rg8+ 72. Kf5 Rh8 73. Rg6 Kf7 74. Rg7+ Kf8 75. Kf6 Ke8 76. h7 Kf8 77. g6 Ke8 78. Rg8+ Rxg8 79. hxg8=Q+ Kd7 80. Qe6+ Kc7 81. g7 1-0


[Site "https://www.chess.com"]

[Event "Titled Tuesday Blitz January 03 Early 2023"]
[White "Osiecki, Stanislaw"]
[Black "Koridze, Lile"]
[WhiteFideId "1102990"]
[BlackFideId "13612514"]
[WhiteElo "2055"]
[BlackElo "2191"]
[Result "0-1"]
[Round "11"]
[TimeControl "180+2"]
[Date "2023.01.03"]
[WhiteClock "0:00:01"]
[BlackClock "0:00:14"]

1. e4 c5 2. c3 Nf6 3. e5 Nd5 4. d4 cxd4 5. Nf3 Nc6 6. cxd4 d6 7. Bc4 Nb6 8. Bb5 dxe5 9. Nxe5 Bd7 10. Nxd7 Qxd7 11. O-O e6 12. Nc3 a6 13. Bxc6 Qxc6 14. Be3 Be7 15. Qg4 O-O 16. Rac1 Qd7 17. Rfd1 Nd5 18. Qg3 f5 19. Nxd5 Qxd5 20. b3 Bd6 21. Bf4 Rad8 22. Bxd6 Rxd6 23. Rc7 Rf7 24. Rc8+ Rf8 25. Rc7 Rd7 26. Rxd7 Qxd7 27. Qe5 Rd8 28. h3 Qd5 29. f4 Qxe5 30. fxe5 Rc8 31. Rd2 Kf7 32. Kf2 Rc3 33. Ke2 Ke7 34. Rd3 Rc2+ 35. Rd2 Rxd2+ 36. Kxd2 Kd7 37. Kc3 Kc6 38. Kc4 g5 39. a4 h5 40. d5+ exd5+ 41. Kd4 f4 42. e6 Kd6 43. e7 Kxe7 44. Kxd5 Kf6 45. Ke4 h4 46. a5 Ke6 47. Kd4 Kf5 48. Kd5 g4 0-1


[Site "https://www.chess.com"]

[Event "Titled Tuesday Blitz January 03 Early 2023"]
[White "Cardozo Munar, Carlos Eduardo"]
[Black "Gavilan Diaz, Mario"]
[WhiteFideId "4409477"]
[BlackFideId "2260905"]
[WhiteElo "2043"]
[BlackElo "2271"]
[Result "1/2-1/2"]
[Round "11"]
[TimeControl "180+2"]
[Date "2023.01.03"]
[WhiteClock "0:01:33"]
[BlackClock "0:00:35"]

1. d4 Nf6 2. Bg5 Ne4 3. h4 d5 4. Nd2 Nxd2 5. Qxd2 h6 6. Bf4 c5 7. e3 cxd4 8. exd4 Nc6 9. c3 Bf5 10. Nf3 e6 11. Bd3 Bxd3 12. Qxd3 Bd6 13. Bd2 O-O 14. O-O Qf6 15. Rae1 Rab8 16. Re2 b5 17. a3 a5 18. Rfe1 b4 19. axb4 axb4 20. Ne5 Bxe5 21. dxe5 Qxh4 22. Re3 bxc3 23. bxc3 Qc4 24. Qc2 Nd4 25. Qd1 Nf5 26. Rh3 Rfd8 27. Qf3 Rb2 28. Bc1 Rc2 29. g4 Ne7 30. Bxh6 gxh6 31. Qf6 Rxc3 32. Ree3 Rxe3 33. fxe3 Qxg4+ 34. Kh2 Qe2+ 35. Kh1 Rb8 36. Rg3+ Ng6 37. Rxg6+ fxg6 38. Qxg6+ Kf8 39. Qf6+ Ke8 40. Qxe6+ Kd8 41. Qd6+ Kc8 42. Qc6+ Kd8 43. Qd6+ Kc8 44. Qc6+ Kd8 45. Qd6+ 1/2-1/2


[Site "https://www.chess.com"]

[Event "Titled Tuesday Blitz January 03 Early 2023"]
[White "Samaganova, Aleksandra"]
[Black "Andreev, Konstantin"]
[WhiteFideId "13800221"]
[BlackFideId "24239305"]
[WhiteElo "1856"]
[BlackElo "2195"]
[Result "1-0"]
[Round "11"]
[TimeControl "180+2"]
[Date "2023.01.03"]
[WhiteClock "0:03:01"]
[BlackClock "0:02:54"]

1. c4 Nf6 2. Nc3 e6 3. e4 d5 4. e5 d4 5. exf6 dxc3 6. bxc3 Qxf6 7. Nf3 Bd6 8. Bd3 O-O 9. Be4 c5 10. d4 cxd4 11. Bg5 1-0


[Site "https://www.chess.com"]

[Event "Titled Tuesday Blitz January 03 Early 2023"]
[White "De Arruda, Leandro Formes"]
[Black "Ovezdurdyyeva, Jemal"]
[WhiteFideId "22722009"]
[BlackFideId "14001888"]
[WhiteElo "1980"]
[BlackElo "2078"]
[Result "1-0"]
[Round "11"]
[TimeControl "180+2"]
[Date "2023.01.03"]
[WhiteClock "0:00:10"]
[BlackClock "0:00:01"]

1. d4 Nf6 2. Nf3 g6 3. g3 Bg7 4. Bg2 O-O 5. O-O d5 6. c4 c6 7. cxd5 Nxd5 8. Nc3 Be6 9. Nxd5 Bxd5 10. e3 Nd7 11. Bd2 Nb6 12. Bc3 Qd7 13. b3 Qg4 14. h3 Qd7 15. Kh2 a5 16. Rb1 a4 17. Nd2 Bxg2 18. Kxg2 Nd5 19. Ba1 a3 20. Ne4 b6 21. Qd2 Nc7 22. Nc3 Rfd8 23. Na4 b5 24. Nb6 Qe6 25. Nxa8 Nxa8 26. Rbc1 Qe4+ 27. f3 Qe6 28. Rfe1 Nc7 29. Qc3 Rd6 30. Qa5 Qd7 31. Qxa3 Bh6 32. f4 f5 33. Qc5 Qe6 34. Qe5 Bg7 35. Qxe6+ Rxe6 36. Kf3 h6 37. Bc3 Nd5 38. Bd2 g5 39. Rc2 Kf7 40. Rec1 g4+ 41. hxg4 fxg4+ 42. Kf2 Nf6 43. Rxc6 Ne4+ 44. Ke2 Nxg3+ 45. Kd3 Nf5 46. e4 Nd6 47. e5 Nf5 48. d5 1-0


[Site "https://www.chess.com"]